 Dungeon Crawl Stone Soup version 0.23-a0-356-g1757c6e (webtiles) character file.

35 iamserjio the Gusty (level 3, 0/22 HPs)
             Began as an Octopode Air Elementalist on Oct 21, 2018.
             Shot with a stone by a goblin (5 damage)
             ... on level 2 of the Dungeon.
             The game lasted 00:03:55 (1466 turns).

iamserjio the Gusty (Octopode Air Elementalist)     Turns: 1466, Time: 00:03:56

Health: 0/22       AC:  1    Str:  8    XL:     3   Next: 33%
Magic:  1/6        EV: 13    Int: 17    God:
Gold:   45         SH:  0    Dex: 12    Spells: 3/6 levels left

rFire    . . .     SeeInvis .   f - +0 whip (venom)
rCold    . . .     Gourm    .   (no shield)
rNeg     . . .     Faith    .   (helmet restricted)
rPois    .         Spirit   .   (no amulet)
rElec    .         Reflect  .   (no ring)
rCorr    .         Harm     .   (no ring)
MR       .....                  (no ring)
Stlth    +++.......             (no ring)
HPRegen  0.07/turn              (no ring)
MPRegen  0.10/turn              (no ring)
                                (no ring)
                                (no ring)

@: very slightly contaminated
A: almost no armour, stealthy swim, amphibious, 8 rings, constrict 8, camouflage
1, gelatinous body 1
a: no special abilities


You were on level 2 of the Dungeon.
You were not hungry.

You visited 1 branch of the dungeon, and saw 2 of its levels.

You collected 45 gold pieces.

Inventory:

Hand Weapons
 a - a +0 hunting sling
 f - a +0 whip of venom (weapon)
 h - a +0 spear
Missiles
 l - 123 stones (quivered)
 m - 10 arrows
Jewellery
 j - an uncursed ring of flight {unknown}
Scrolls
 c - a scroll of remove curse {unknown}
 e - 2 scrolls of identify {unknown}
 g - a scroll of teleportation {unknown}
 i - a scroll of fear {unknown}
Potions
 d - 2 potions of invisibility {unknown}
Comestibles
 b - 5 rations
 k - a chunk of flesh


   Skills:
 + Level 0.6 Fighting
 * Level 1.2 Polearms
 * Level 2.5 Dodging
 - Level 2.6 Stealth
 - Level 2.0 Spellcasting
 + Level 1.7 Conjurations
 + Level 0.2 Charms
 + Level 3.1 Air Magic


You had 3 spell levels left.
You knew the following spells:

 Your Spells              Type           Power        Failure   Level  Hunger
a - Shock                 Conj/Air       #...         8%          1    #......
b - Swiftness             Chrm/Air       #.......     14%         2    ###....

Your spell library contained the following spells:

 Spells                   Type           Power        Failure   Level  Hunger
 Static Discharge         Conj/Air       #.......     22%         3    ###....
 Airstrike                Air            ##........   47%         4    #####..
 Lightning Bolt           Conj/Air       #.........   90%         5    ######.


Dungeon Overview and Level Annotations

Branches:
Dungeon (2/15)

Altars:
Ashenzari


Innate Abilities, Weirdness & Mutations

You cannot wear most types of armour.
You are very stealthy in the water. (Stealth+)
You are amphibious.
You can wear up to eight rings at the same time.
You can use your tentacles to constrict eight enemies at once.
Your skin changes colour to match your surroundings (Stealth+).
Your rubbery body absorbs attacks. (AC +1, EV +1)


Message History

The zap misses the goblin.
The goblin shoots a stone.
The stone hits you.
Casting: Shock (safe; 8% risk of failure)
Aiming: Shock (safe; 8% risk of failure)
The zap hits the jackal.
The zap misses the goblin.
You hear a bark!
The jackal bites you.
* * * LOW HITPOINT WARNING * * *
You hit the jackal but do no damage. Your grab misses the jackal.
The jackal closely misses you. The jackal bites you.
* * * LOW HITPOINT WARNING * * *
You hit the jackal.
You kill the jackal!
You hear a bark!
A jackal comes into view.
The jackal closely misses you.
You hit the jackal.
You kill the jackal!
The goblin shoots a stone.
The stone barely misses you.
The goblin shoots a stone.
The stone hits you.
You die...

.....######....###..
.....######).###.####
...........###....#.#
##########รท......##.##
#.......#...#
#......##...##
#.(....#.....#
#.....(#.....#
#.....(@.g.#
############


You could see a goblin.

Vanquished Creatures
  A worm (D:2)
  4 leopard geckos (D:1)
  3 bats
  A giant cockroach (D:1)
  3 goblins (D:1)
  A hobgoblin (D:1)
  3 jackals (D:2)
  A ball python (D:1)
  A frilled lizard (D:2)
  8 kobolds
  A rat (D:1)
27 creatures vanquished.

Vanquished Creatures (others)
  A plant (D:1)
1 creature vanquished.

Grand Total: 28 creatures vanquished

Notes
Turn   | Place    | Note
-------+----------+-------------------------------------------
     0 | D:1      | iamserjio the Octopode Air Elementalist began the quest for
                  | the Orb.
     0 | D:1      | Reached XP level 1. HP: 11/11 MP: 3/3
   562 | D:1      | Reached XP level 2. HP: 17/17 MP: 5/5
  1157 | D:1      | Reached skill level 1 in Polearms
  1160 | D:1      | Reached XP level 3. HP: 13/22 MP: 3/6
  1405 | D:1      | Learned a level 2 spell: Swiftness
  1450 | D:2      | Found a shattered altar of Ashenzari.
  1466 | D:2      | Shot with a stone by a goblin

Vault maps used:
D:1:      psy_arrival_dodecagon, grunt_decor_mini_mirrors,
          lexackson_kobold_supper
D:2:      okawaru_metal_pillars_1_2, nicolae_ashenzari_panopticon

Skill      XL: |  1  2 |
---------------+-------+-----
Polearms       | 1 |  1.2
Fighting       | |  0.6
Dodging        | |  2.5
Stealth        | |  2.6
Spellcasting   | |  2.0
Conjurations   | |  1.7
Charms         | |  0.2
Air Magic      | |  3.1

Action                   || total
-------------------------++-------
Melee: Spear             ||    26
       Constrict         ||    11
       Tentacles         ||     6
       Whip              ||    14
 Cast: Shock             ||    17
 Stab: Sleeping          ||     2
  Eat: Chunk             ||     2
Armor: Skin              ||     2
Dodge: Dodged            ||    25

Table legend:
 A = Non-vault XP
 B = Vault XP
 C = Vault XP percentage of total XP
 D = Non-vault monster count
 E = Vault monster count
 F = Vault count percentage of total count
                 A         B        C        D         E       F
            +---------+---------+-------+---------+---------+-------
      Total |      35 |      15 |  30.0 |      19 |       8 |  29.6
            +---------+---------+-------+---------+---------+-------
        D:1 |      21 |      15 |  41.7 |      12 |       8 |  40.0
        D:2 |      14 |       0 |   0.0 |       7 |       0 |   0.0
            +---------+---------+-------+---------+---------+-------
